 Dungeon Crawl Stone Soup version 0.28.0-53-g5a82cb258f (webtiles) character file.

Game seed: 17592445142682658841

10 enile the Charlatan (level 2, 0/15 HPs)
             Began as a Spriggan Artificer on May 29, 2022.
             Slain by a kobold
             ... wielding a +0 short sword
              (5 damage)
             ... on level 1 of the Dungeon.
             The game lasted 00:01:32 (769 turns).

enile the Charlatan (Spriggan Artificer)             Turns: 769, Time: 00:01:33

Health: 0/15       AC:  2    Str:  8    XL:     2   Next: 10%
Magic:  3/3        EV: 17    Int: 12    God:
Gold:   18         SH:  0    Dex: 15    Spells: 1/1 levels left

rFire   . . .      SeeInvis +   f - +0 dagger
rCold   . . .      Faith    .   (no shield)
rNeg    . . .      Spirit   .   b - +0 robe
rPois   .          Reflect  .   (helmet restricted)
rElec   .          Harm     .   (no cloak)
rCorr   .          Rampage  .   (gloves unavailable)
Will    .....                   (boots unavailable)
Stlth   ++........              (no amulet)
HPRegen 0.05/turn               (no ring)
MPRegen 0.08/turn               (no ring)

@: very quick
A: very small, no large weapons, unfitting armour, see invisible, speed 3
a: no special abilities


You were on level 1 of the Dungeon.
You visited 1 branch of the dungeon, and saw 1 of its levels.

You collected 18 gold pieces.

Inventory:

Hand Weapons
 a - a +0 club
 f - a +0 dagger (weapon)
Missiles
 g - 6 stones (quivered)
Armour
 b - a +0 robe (worn)
Wands
 c - a wand of flame (9)
 d - a wand of charming (15)
Scrolls
 j - a scroll of brand weapon {unknown}
Potions
 h - a potion of heal wounds {unknown}
 i - a potion of brilliance {unknown}
Miscellaneous
 e - a piece from Xom's chessboard (15/15)


   Skills:
 + Level 1.8 Fighting
 - Level 3.2 Dodging
 - Level 1.5 Stealth
 - Level 4.0 Evocations


You had one spell level left.
You didn't know any spells.
Your spell library was empty.

Dungeon Overview and Level Annotations

Branches:
Dungeon (1/15)

Altars:


Innate Abilities, Weirdness & Mutations

You are very small and have problems with some larger weapons.
You are too small for most types of armour.
You have supernaturally acute eyesight. (SInv)
You cover ground extremely quickly. (Speed+++)


Message History

Press: ? - help, Q - select action, (/) - cycle Shift-Dir - straight line, f/p - kobold
Aim: a kobold, wielding a +0 short sword (moderately wounded, 50% to hit)
You throw a stone. The stone closely misses the kobold.
The stone hits the goblin.
The goblin is heavily wounded.
Throw: 12 stones
Press: ? - help, Q - select action, (/) - cycle Shift-Dir - straight line, f/p - kobold
Aim: a kobold, wielding a +0 short sword (moderately wounded, 50% to hit)
You throw a stone. The stone closely misses the kobold.
The stone hits the rat but does no damage.
Throw: 11 stones
Press: ? - help, Q - select action, (/) - cycle Shift-Dir - straight line, f/p - kobold
Aim: a kobold, wielding a +0 short sword (moderately wounded, 50% to hit)
You throw a stone. The stone barely misses the kobold.
The stone closely misses the rat.
The kobold hits you with a +0 short sword.
Throw: 10 stones
Press: ? - help, Q - select action, (/) - cycle Shift-Dir - straight line, f/p - kobold
Aim: a kobold, wielding a +0 short sword (moderately wounded, 50% to hit)
You throw a stone. The stone hits the kobold.
The kobold is heavily wounded.
Throw: 9 stones
Press: ? - help, Q - select action, (/) - cycle Shift-Dir - straight line, f/p - kobold
Aim: a kobold, wielding a +0 short sword (heavily wounded, 50% to hit)
You throw a stone.
The stone hits the kobold but does no damage.
The kobold is heavily wounded.
Throw: 8 stones
Press: ? - help, Q - select action, (/) - cycle Shift-Dir - straight line, f/p - kobold
Aim: a kobold, wielding a +0 short sword (heavily wounded, 50% to hit)
You throw a stone. The stone barely misses the kobold.
Throw: 7 stones
Press: ? - help, Q - select action, (/) - cycle Shift-Dir - straight line, f/p - kobold
Aim: a kobold, wielding a +0 short sword (heavily wounded, 50% to hit)
You throw a stone. The stone closely misses the kobold.
The kobold closely misses you.
You barely miss the kobold.
The kobold is heavily wounded.
The kobold hits you with a +0 short sword.
You die... ####..###.....###.#####.# ##.#....###.PPPPPPPPPPP #.K#.#..# #.PPPPPPPPPPP #...(#.## #.PPPPP.....P #.###(.# ##PPP..PPPPP.

########g######PP..PP...PP
#........(##...P..PP.PPP.P
#........Kr....P.PP.PP.PP.
#........@#........PP.P.PP
#..................P.PPP.P
#####..##........P.PP.P.PP
#####.##..#....P.PP.PP.PP.
.#.......†##....PP.PP.PPP.P
................PP..PP...PP
.........####...PPP...PPPP.
.........# ##..PPPP......P
.........#


###PPPPPPPPPPP You could see a goblin, a kobold and a rat.

Vanquished Creatures
  A dart slug (D:1)
  A bat (D:1)
  An endoplasm (D:1)
  2 hobgoblins (D:1)
  2 ball pythons (D:1)
  A kobold (D:1)
8 creatures vanquished.

Vanquished Creatures (others)
  10 plants (D:1)
10 creatures vanquished.

Grand Total: 18 creatures vanquished

Notes
Turn   | Place    | Note
-------+----------+-------------------------------------------
     0 | D:1      | enile the Spriggan Artificer began the quest for the Orb.
     0 | D:1      | Reached XP level 1. HP: 9/9 MP: 2/2
   223 | D:1      | Reached skill level 1 in Fighting
   544 | D:1      | Reached XP level 2. HP: 13/15 MP: 3/3
   769 | D:1      | Slain by a kobold

Illustrated notes

Levels and vault maps discovered:
D:1:      roderic_crop_circles_arrival_small, layout_rooms, serial_forest,
          infiniplex_forest_lined_3_way, infiniplex_forest_lined_room_2,
          infiniplex_forest_3_way, infiniplex_forest_clump_double,
          infiniplex_forest_lined_room_3, infiniplex_forest_straight_2,
          infiniplex_forest_corner_1, infiniplex_forest_straight_2

Skill      XL: |  1 |
---------------+----+-----
Fighting       | 1 |  1.8
Dodging        | |  3.2
Stealth        | |  1.5
Evocations     | |  4.0

Action                   || total
-------------------------++-------
Melee: Dagger            ||    41
       Club              ||     3
Throw: Stone             ||    16
Evoke: Wand              ||     6
Armor: Robe              ||     1
Dodge: Dodged            ||    29
